 Dungeon Crawl Stone Soup version 0.17.0-23-g0de4337 (webtiles) character file.

101 Hanyuu the Insei (level 4, -1/29 HPs)
             Began as an Octopode Transmuter on Nov 15, 2015.
             Killed from afar by Natasha (10 damage)
             ... with a wand of frost
             ... on level 2 of the Dungeon.
             The game lasted 00:06:04 (1747 turns).

Hanyuu the Insei (Octopode Transmuter)              Turns: 1747, Time: 00:06:04

Health: -1/29      AC:  1    Str:  9    XL:     4   Next: 75%
Magic:  6/7        EV: 12    Int: 16    God:
Gold:   84         SH:  0    Dex: 12    Spells: 3 memorised, 1 level left

rFire  . . .     SeeInvis .       - Unarmed
rCold  . . .     Clarity  .     (no shield)
rNeg   . . .     SustAt   .     (helmet restricted)
rPois  .         Gourm    +     f - amulet of the gourmand
rElec  .         Spirit   .     (no ring)
rCorr  .         Warding  .     (no ring)
rMut   .         Stasis   .     (no ring)
MR     .....                    (no ring)
Stlth  ++........               (no ring)
                                (no ring)
                                (no ring)
                                (no ring)

@: very slightly contaminated, not resistant to hostile enchantments, unstealthy
A: almost no armour, amphibious, 8 rings, constrict 8, camouflage 1, gelatinous
body 1
a: no special abilities


You were on level 2 of the Dungeon.
You were completely stuffed.

You visited 1 branch of the dungeon, and saw 2 of its levels.

You collected 84 gold pieces.

Inventory:

Missiles
 a - 12 arrows
 g - 7 javelins (quivered)
 j - 12 arrows of frost
Jewellery
 f - an amulet of the gourmand (around mantle)
Scrolls
 d - a scroll of remove curse {unknown}
 e - 6 scrolls of identify
 k - a scroll of recharging {unknown}
 m - 2 scrolls of enchant armour {unknown}
 n - a scroll of teleportation {unknown}
 r - a scroll of random uselessness {unknown}
Potions
 l - a potion of lignification {unknown}
 p - 2 potions of haste {unknown}
 q - a potion of flight {unknown}
 s - a potion of cancellation {unknown}
Books
 b - a book of Changes

   Spells                             Type                      Level
   a - Beastly Appendage              Transmutation                1
   b - Sticks to Snakes               Transmutation                2
   c - Spider Form                    Transmutation/Poison         3
   d - Ice Form                       Ice/Transmutation            4
   e - Blade Hands                    Transmutation                5
Comestibles
 c - 2 bread rations
 h - 2 beef jerkies
 i - 2 meat rations
 o - a slice of pizza


   Skills:
 - Level 2.0 Fighting
 + Level 2.0 Dodging
 + Level 4.5 Unarmed Combat
 - Level 2.0 Spellcasting
 + Level 2.4 Transmutations
 - Level 1.0 Poison Magic


You had one spell level left.
You knew the following spells:

 Your Spells              Type           Power        Failure   Level  Hunger
a - Beastly Appendage     Trmt           #.....       10%         1    #......
b - Sticks to Snakes      Trmt           #.........   14%         2    ###....
c - Spider Form           Trmt/Pois      #.........   34%         3    ###....


Dungeon Overview and Level Annotations

Branches:
Dungeon (2/15)

Altars:

Annotations:
D:2 Natasha


Innate Abilities, Weirdness & Mutations

You cannot wear most types of armour.
You are amphibious.
You can wear up to eight rings at the same time.
You can use your tentacles to constrict eight enemies at once.
Your skin changes colour to match your surroundings (Stealth).
Your rubbery body absorbs attacks (AC +1).


Message History

Anything else - Stay silent.
You shout for attention!
You hear an angry hiss.
Natasha mumbles some strange words.
An adder comes into view.
Natasha zaps a wand.
The puff of frost hits you!
It is a wand of frost.
The crimson imp misses you.
Natasha zaps a wand.
The puff of frost hits you!
The crimson imp blinks!
The adder completely misses you.
Casting: Spider Form
Confirm with . or Enter, or press ? or * to list all spells.
You miscast Beastly Appendage.
You are very lightly contaminated with residual magic.
Waves of light ripple over your body. The adder barely misses you.
You bludgeon the adder! Your grab misses the adder.
The adder is heavily wounded.
The adder closely misses you. The adder bites you.
You tentacle-slap the adder.
You kill the adder!
Natasha zaps a wand.
The puff of frost hits you!
You die...

.###.#+####..#.#
.##............# #.......
###............# #......#
###.......##.#.# ##......#
..........##.#.###.......##
..........##.....#..5.....
.÷........##.#.#.#......
.....#'#.#.....#.#..).#
.....#.#.#.##..#@#....#
.....#.#.#<##..#.##.#.# #
.....#.#.####.)#h...#.#.#
.....#.#......>÷........#
.....#.....##...........#
#########.#>............'.
#.##............#.
####...............#..
#......#...........#


You could see Natasha.

Vanquished Creatures
  Natasha (D:2)
  4 adders (D:2)
  A worm (D:2)
  2 giant geckos (D:2)
  6 goblins
  4 hobgoblins
  A quokka (D:2)
  A ball python (D:1)
  5 bats (D:1)
  4 giant cockroaches
  2 giant newts
  3 jackals (D:1)
  3 kobolds
  4 rats (D:2)
41 creatures vanquished.

Notes
Turn   | Place    | Note
--------------------------------------------------------------
     0 | D:1      | Hanyuu the Octopode Transmuter began the quest for the Orb.
     0 | D:1      | Reached XP level 1. HP: 13/13 MP: 3/3
   150 | D:1      | Reached XP level 2. HP: 13/18 MP: 5/5
   754 | D:2      | Reached skill level 4 in Unarmed Combat
   758 | D:2      | Learned a level 2 spell: Sticks to Snakes
   848 | D:2      | Reached XP level 3. HP: 8/23 MP: 4/6
  1205 | D:2      | Learned a level 3 spell: Spider Form
  1328 | D:2      | Reached skill level 1 in Poison Magic
  1328 | D:2      | Reached XP level 4. HP: 24/29 MP: 5/7
  1461 | D:2      | Noticed Natasha
  1602 | D:2      | Killed Natasha
  1627 | D:2      | Noticed Natasha
  1747 | D:2      | Killed from afar by Natasha

Action                   |  1- 3 |  4- 6 || total
-------------------------+-------+-------++-------
Melee: Unarmed           |    67 |    18 ||    85
Throw: Javelin           |     5 |       ||     5
 Cast: Beastly Appendage |     7 |       ||     7
       Spider Form       |       |     1 ||     1
  Use: Scroll            |     1 |       ||     1
       Potion            |     1 |       ||     1
 Stab: Sleeping          |     9 |     2 ||    11
       Distracted        |       |     1 ||     1
  Eat: Chunk             |     7 |     6 ||    13
